 Dungeon Crawl Stone Soup version 0.32-a0-913-g739538afd8 (webtiles) character file.

Game seed: 16165920512955719825

58 pokeman the Magician (level 3, 0/30 HPs)
             Began as a Deep Elf Hedge Wizard on Apr 7, 2024.
             Succumbed to Sigmund's poison
             ... on level 2 of the Dungeon.
             The game lasted 00:03:32 (1983 turns).

pokeman the Magician (Deep Elf Hedge Wizard)        Turns: 1983, Time: 00:03:33

Health: 0/30       AC: 21    Str:  7    XL:     3   Next: 75%
Magic:  6/11       EV:  2    Int: 20    God:
Gold:   36         SH:  5    Dex: 14    Spells: 4/12 levels left

rFire   . . .        h - +0 war axe
rCold   . . .        (no shield)
rNeg    . . .        b - melded +0 robe
rPois   +            c - melded +0 hat
rElec   .            (cloak currently unavailable)
rCorr   .            (gloves currently unavailable)
SInv    .            (boots currently unavailable)
Will    .....        i - amulet of reflection
Stlth   ++           (no ring)
HPRegen 0.25/turn    (no ring)
MPRegen 0.12/turn

%: reflection
@: lethally poisoned (0 -> -4), tree-form, hasted, very quick
A: stationary, stasis, torment immunity, boosted hp, (horns 1), (iridescent
scales 1)
a: no special abilities


You were on level 2 of the Dungeon.
You were a tree.
You visited 1 branch of the dungeon, and saw 2 of its levels.

You collected 36 gold pieces.

Inventory:

Hand Weapons
 h - a +0 war axe (weapon)
Armour
 b - a +0 robe (melded)
 c - a +0 hat (melded)
Jewellery
 i - an amulet of reflection (around neck)
 k - an amulet of the acrobat
Scrolls
 e - a scroll of revelation {unknown}
 f - a scroll of vulnerability {unknown}
Potions
 d - a potion of magic


   Skills:
 - Level 1.0 Fighting
 - Level 1.0 Armour
 + Level 2.5 Dodging
 + Level 2.5 Stealth
 * Level 5.4 Spellcasting
 + Level 2.0 Conjurations
 - Level 1.1 Summonings
 - Level 1.1 Translocations


You had 4 spell levels left.
You knew the following spells:

 Your Spells              Type           Power      Damage    Failure   Level
a - Magic Dart            Conj           52%        1d5       4%          1
b - Mephitic Cloud        Conj/Alch/Air  8%         N/A       26%         3
c - Call Imp              Summ           18%        N/A       11%         2
d - Blink                 Tloc           18%        N/A       11%         2

Your spell library contained the following spells:

 Spells                   Type           Power      Damage    Failure   Level
 Slow                     Hex            20%        N/A       11%         1
 Cigotuvi's Dreadful Rot  Necr/Alch/Air  10%        N/A       17%         2
 Haunt                    Necr/Summ      3%         N/A       100%        7
 Borgnjor's Revivificati  Necr           2%         N/A       100%        8
 Death's Door             Necr           2%         N/A       100%        9


Dungeon Overview and Level Annotations

Branches:
Dungeon (2/15)

Altars:

Shops:
D:1 =

Annotations:
D:2 Sigmund


Innate Abilities, Weirdness & Mutations

You are a tree.
Your roots penetrate the ground, keeping you stationary.
You cannot be teleported.
You are immune to unholy pain and torment.
Your maximum health is greatly increased.
Your equipment is partially melded.
((You have a pair of small horns on your head.))
((You are partially covered in iridescent scales. (AC +2)))


Message History

The ball explodes into a vile cloud!
The stinking cloud engulfs Sigmund.
Sigmund is engulfed in noxious fumes.
Sigmund appears confused.
Unknown command.
Found a robe.
Sigmund is engulfed in noxious fumes.
Sigmund appears confused.
Sigmund hits you with a +2 scythe of venom!
Ouch! That really hurt!
You are lethally poisoned!
Unknown command.
You hit Sigmund but do no damage.
* * * LOW HITPOINT WARNING * * *
You feel very sick.
Sigmund is engulfed in noxious fumes.
Sigmund appears confused.
Unknown command.
It was a potion of lignification.
You turn into a tree.
Your +0 hat melds into your body.
Your +0 robe melds into your body.
Your roots penetrate the ground.
* * * LOW HITPOINT WARNING * * *
You feel sick.
Sigmund is engulfed in noxious fumes.
Sigmund appears confused.
It was a potion of mutation.
You feel extremely strange. A pair of horns grows on your head!
Iridescent scales grow over part of your body.
* * * LOW HITPOINT WARNING * * *
You feel sick.
Sigmund is engulfed in noxious fumes.
Sigmund appears confused.
It was a potion of haste.
You feel yourself speed up.
* * * LOW HITPOINT WARNING * * *
You feel sick.
Sigmund is engulfed in noxious fumes.
Sigmund appears confused.
Casting: Mephitic Cloud (quite dangerous; 26% risk of failure)
Confirm with . or Enter, or press ? or * to list all spells.
Aiming: Magic Dart (safe; 4% risk of failure)
Press: ? - help, Shift-Dir - straight line, f/p - Sigmund
Aim: Sigmund, wielding a +2 scythe of venom and wearing a +2 robe of positive energy (noxious fumes, confused, 100% to hit)
The magic dart hits Sigmund but does no damage.
* * * LOW HITPOINT WARNING * * *
You feel sick.
Casting: Magic Dart (safe; 4% risk of failure)
Confirm with . or Enter, or press ? or * to list all spells.
Aiming: Magic Dart (safe; 4% risk of failure)
Press: ? - help, Shift-Dir - straight line, f/p - Sigmund
Aim: Sigmund, wielding a +2 scythe of venom and wearing a +2 robe of positive energy (noxious fumes, confused, 100% to hit)
The magic dart hits Sigmund but does no damage.
You die...

#.# #.#.##.P..
.######.###.#.#P....
................P♣ #.#
.###.##.###.....♣♣ ...
.###.##†####..P.P♣ ..#
..........##.♣♣♣♣♣♣♣♣.P#
####.####.##.PP♣♣♣♣P...#
#...###.###.[...P..P# #
.........♣○@○P..P♣..## ♣
#.....###.###...P..P.#
♣♣♣ . ## .... ####.....#
♣♣PP ...... #####.# ♣PP.
#.....♣♣♣♣♣♣####.#♣♣P..
#.[..........##.......†
#.....♣ ♣♣♣.##...♣♣P..
...... #........♣♣PP)
#.#†.†....♣♣PP


You could see Sigmund (confused).

Vanquished Creatures
  Natasha (D:2)
  A ribbon worm (D:2)
  3 ball pythons
  4 bats
  2 endoplasms
  3 giant cockroaches
  2 goblins (D:2)
  3 hobgoblins
  3 kobolds
  A quokka (D:2)
  3 frilled lizards
  3 rats
29 creatures vanquished.

Notes
Turn   | Place    | Note
-------+----------+-------------------------------------------
     0 | D:1      | pokeman the Deep Elf Hedge Wizard began the quest for the
                  | Orb.
     0 | D:1      | Reached XP level 1. HP: 10/10 MP: 7/7
   424 | D:1      | Found Kaexiehy's One-of-a-Kind Rings.
   430 | D:1      | Reached XP level 2. HP: 16/16 MP: 5/9
  1525 | D:2      | Noticed Natasha
  1538 | D:2      | Killed Natasha
  1539 | D:2      | Reached skill level 5 in Spellcasting
  1539 | D:2      | Reached XP level 3. HP: 10/20 MP: 1/11
  1545 | D:2      | Learned a level 3 spell: Mephitic Cloud
  1548 | D:2      | Learned a level 2 spell: Call Imp
  1551 | D:2      | Learned a level 2 spell: Blink
  1699 | D:2      | Reached skill level 1 in Fighting
  1750 | D:2      | Reached skill level 1 in Armour
  1975 | D:2      | Noticed Sigmund
  1980 | D:2      | Gained mutation: You have a pair of small horns on your
                  | head. [potion of mutation]
  1980 | D:2      | Gained mutation: You are partially covered in iridescent
                  | scales. (AC +2) [potion of mutation]
  1982 | D:2      | HP: 1/30 [poisoned by Sigmund]
  1983 | D:2      | Succumbed to Sigmund's poison

Illustrated notes

Levels and vault maps discovered:
D:1:      spicycebolla_arrival_transporter_tutorial, layout_basic,
          nicolae_shop_unique_rings
D:2:      layout_loops_ring, serial_forest, infiniplex_forest_lined_room_,
          infiniplex_forest_fountain, infiniplex_forest_lined_3_way,
          infiniplex_forest_clump_cross, infiniplex_forest_lined_2,
          infiniplex_forest_diagonal, infiniplex_forest_straight_2,
          uniq_natasha, uniq_sigmund, uniq_crazy_yiuf_cottage

Skill      XL: |  1  2  3 |
---------------+----------+-----
Spellcasting   | 5 |  5.4
Fighting       | 1 |  1.0
Armour         | 1 |  1.0
Conjurations   | 2 |  2.0
Dodging        | |  2.5
Stealth        | |  2.5
Summonings     | |  1.1
Translocations | |  1.1

Action                     || total
---------------------------++-------
  Melee: War axe           ||    10
   Cast: Magic Dart        ||    67
         Mephitic Cloud    ||     2
    Use: Potion            ||     3
   Stab: Confused          ||     1
 Armour: Robe              ||    15
  Dodge: Dodged            ||    14
  Block: Other             ||     5

Table legend: (Time is in decaauts)
 A = Elapsed time spent in this place.
 B = Non-inter-level travel time spent in this place.
 C = Inter-level travel time spent in this place.
 D = Time resting spent in this place.
 E = Time spent auto-exploring this place.
 F = Levels seen in this place.
 G = Mean time per level.
                   A        B        C        D        E       F      G
               +--------+--------+--------+--------+--------+-----+--------+
         Total |   1987 |   1813 |    174 |      0 |   1626 |   2 |  993.5 |
       Dungeon |   1987 |   1813 |    174 |      0 |   1626 |   2 |  993.5 |
               +--------+--------+--------+--------+--------+-----+--------+

Top non-repeatable levels by time:
     D:1: 1483 daAuts
     D:2: 503 daAuts
